[Event "*** SCC Grand Prix: Titled Tuesday Blitz"]
[Site "Chess.com"]
[Date "2020.06.02"]
[Round "10"]
[White "2008king"]
[Black "Parkas"]
[Result "0-1"]
[WhiteElo "2132"]
[BlackElo "2325"]
[TimeControl "180+1"]
[EndTime "11:57:29 PDT"]
[Termination "Parkas won by resignation"]

1. e4 g6 2. d4 Bg7 3. Nc3 a6 4. Nf3 b5 5. a3 d6 6. Be3 Nd7 7. Be2 c5 8. O-O cxd4 9. Bxd4 Ngf6 10. Re1 O-O 11. Bf1 Bb7 12. e5 Bxf3 13. Qxf3 dxe5 14.
Bxe5 Nxe5 15. Rxe5 Qc7 16. Rae1 e6 17. R5e3 Rad8 18.
Bd3 Rd7 19. h4 Rfd8 20. Ne2 Nd5 21. Re4 Bxb2 22. a4 bxa4 23. Rxa4 a5 24. Rb1 Bg7 25. Rc4 Qe5 26. Re4 Qd6 27. Rd1 Nb4 28. Re3 Qc5 29.
Rb1 Bh6 30. Re4 Nxd3 31. cxd3 Rxd3 32. Qf6 Bg7 33. Qf4 a4 34. Rxa4 Rd1+ 35. Rxd1 Rxd1+ 36. Kh2 Be5 0-1

[Event "*** SCC Grand Prix: Titled Tuesday Blitz"]
[Site "Chess.com"]
[Date "2020.06.02"]
[Round "10"]
[White "AnishGiri"]
[Black "vladislavkovalev"]
[Result "1/2-1/2"]
[WhiteElo "2986"]
[BlackElo "2889"]
[TimeControl "180+1"]
[EndTime "11:57:31 PDT"]
[Termination "Game drawn by agreement"]

1. e4 e5 2. Nf3 Nc6 3. Bc4 Bc5 4. d3 Nf6 5. c3 a6 6. Bg5 h6 7.
Bh4 d6 8. Nbd2 Ba7 9. O-O g5 10. Bg3 O-O 11. a4 Kg7 12. b4 Nh7 13. b5 Ne7 14. d4 exd4 15. Nxd4 f5 16. exf5 Bxd4 17. cxd4 Nxf5 18. bxa6 bxa6 19. Bd5 Rb8 20. Ne4 Rb4 21. Qd2 a5 22. f4 Ba6 23. Rfd1 gxf4 24. Bxf4 Nf6 25. Nxf6 Qxf6 26. Rac1 Qxd4+ 27. Qxd4+ Rxd4 28. Rxc7+ Kh8 29. Bd2 Be2 30. Bc3 Bxd1 31. Be6 Rf6 32. Bxf5 Rxf5 33. Bxd4+ Kg8 1/2-1/2

[Event "*** SCC Grand Prix: Titled Tuesday Blitz"]
[Site "Chess.com"]
[Date "2020.06.02"]
[Round "10"]
[White "MITerryble"]
[Black "gahryman"]
[Result "1-0"]
[WhiteElo "2820"]
[BlackElo "2694"]
[TimeControl "180+1"]
[EndTime "11:57:31 PDT"]
[Termination "MITerryble won by resignation"]

1. Nf3 Nf6 2. d4 g6 3. Bg5 Bg7 4. c3 O-O 5. Nbd2 d5 6. e3 Nbd7 7. Be2 c5 8. O-O b6 9. a4 a6 10.
Qb3 Bb7 11. Rfd1 Rc8 12. Qa3 e6 13. Ne5 h6 14. Bh4 Qe8 15. Bg3 Nxe5 16. Bxe5 Nd7 17. Bd6 f5 18. Bxf8 Bxf8 19. Qa2 g5 20. c4 g4 21.
cxd5 exd5 22. Bd3 Qe6 23. Qb1 f4 24. Bf5 Qd6 25. exf4 h5 26. Nf1 Rd8 27. Re1 Qxf4 28. Ng3 Nf6 29. Be6+ Kg7 30. Nf5+ Kh8 31. Nh4 Qg5 32. Re5 Qh6 33. Bf7 Ne4 34. Rxh5 1-0

[Event "*** SCC Grand Prix: Titled Tuesday Blitz"]
[Site "Chess.com"]
[Date "2020.06.02"]
[Round "10"]
[White "gumimis"]
[Black "OrtizMarcos"]
[Result "0-1"]
[WhiteElo "2139"]
[BlackElo "2332"]
[TimeControl "180+1"]
[EndTime "11:57:31 PDT"]
[Termination "OrtizMarcos won by resignation"]

1. e4 c6 2. d4 d5 3. Nc3 dxe4 4. Nxe4 Nf6 5. Nxf6+ exf6 6. c3 Bd6 7. Bd3 O-O 8. Qc2 Re8+ 9. Be3 h5 10. O-O-O Be6 11. Kb1 b5 12. Ne2 a5 13. Bf4 Bf8 14. Ng3 h4 15. Nf5 g5 16. Be3 Na6 17. f4 Bxf5 18. Bxf5 Rxe3 19. fxg5 fxg5 20. g3 Qe7 21. gxh4 Re2 22.
Qc1 Nc7 23. Rdg1 Bh6 24. hxg5 Bg7 25. g6 f6 26. h4 Qe3 27. h5 Qxc1+ 28. Kxc1 Bh6+ 29.
Kb1 a4 30. g7 a3 31. b3 Nd5 32. Rh3 Rae8 33. Rhg3 Re1+ 34. Kc2 Rxg1 35. Rxg1 Ne3+ 36.
Kd3 Nxf5 37. c4 b4 38. d5 c5 39. Rf1 Re3+ 40. Kc2 Nd4+ 41. Kb1 Bxg7 42. Rg1 Kf7 0-1

[Event "*** SCC Grand Prix: Titled Tuesday Blitz"]
[Site "Chess.com"]
[Date "2020.06.02"]
[Round "10"]
[White "kidagent"]
[Black "MF1966Idrisov"]
[Result "1-0"]
[WhiteElo "2193"]
[BlackElo "2332"]
[TimeControl "180+1"]
[EndTime "11:57:32 PDT"]
[Termination "kidagent won by resignation"]

1. e4 c5 2. Nf3 Nc6 3. d4 cxd4 4. Nxd4 Nf6 5. Nc3 g6 6. Be2 Bg7 7. Be3 O-O 8. Nb3 d6 9. O-O Be6 10. f4 Na5 11. Nxa5 Qxa5 12. h3 Rac8 13. Qd2 Bc4 14. Rae1 Bxe2 15. Rxe2 Qb4 16. e5 Ne4 17. Nxe4 Qxe4 18.
Bxa7 Qa4 19. Bd4 dxe5 20. Bxe5 Bxe5 21. fxe5 Qxa2 22. Qb4 Qa7+ 23. Kh1 Rc5 24. e6 f6 25.
Rd1 Rc7 26. Rd7 Qc5 27. Qxc5 Rxc5 28. Rxe7 b5 29. Rb7 Re8 30. Rd2 Rcc8 31. Rdd7 Re7 32.
Rxe7 1-0

[Event "*** SCC Grand Prix: Titled Tuesday Blitz"]
[Site "Chess.com"]
[Date "2020.06.02"]
[Round "10"]
[White "TigranMukhutdinov"]
[Black "BlackBoarder"]
[Result "1-0"]
[WhiteElo "2471"]
[BlackElo "2609"]
[TimeControl "180+1"]
[EndTime "11:57:34 PDT"]
[Termination "TigranMukhutdinov won by resignation"]

1. Nf3 Nf6 2. g3 g6 3. b3 Bg7 4.
Bb2 O-O 5. Bg2 c5 6. c4 Nc6 7.
O-O d6 8. d4 cxd4 9. Nxd4 Bd7 10.
Nc3 Rc8 11. Qd2 Qb6 12. e3 a6 13. Rfc1 Qa5 14. a3 Rfd8 15. Nde2 Qb6 16. Rab1 Qxb3 17.
Nd5 Qa2 18. Ra1 Qb3 19. Nd4 Nxd4 20. Nxe7+ Kf8 21. Nxc8 Nf5 22. Nxd6 Bc6 23. Bxc6 Rxd6 24. Bd5 Nxd5 25. Bxg7+ Kxg7 26. cxd5 Rxd5 27. Qc2 Qb5 28. a4 Qd7 29. Rd1 Qe6 30. e4 Rxd1+ 31. Rxd1 Nd6 32. Qc3+ Kg8 33. Qb4 Nxe4 34. Re1 f5 35. f3 a5 36. Qd4 Qd6 37. Rxe4 1-0

[Event "*** SCC Grand Prix: Titled Tuesday Blitz"]
[Site "Chess.com"]
[Date "2020.06.02"]
[Round "10"]
[White "Flawless_Fighter"]
[Black "ajdemipopushi"]
[Result "1-0"]
[WhiteElo "2488"]
[BlackElo "2332"]
[TimeControl "180+1"]
[EndTime "11:57:35 PDT"]
[Termination "Flawless_Fighter won on time"]

1. e4 c5 2. Nf3 g6 3. c3 d5 4. d4 dxe4 5. Ng5 cxd4 6. cxd4 Nf6 7. Bc4 e6 8. Nc3 Bg7 9. Be3 Nd5 10. Ngxe4 Nxe3 11. fxe3 O-O 12. O-O a6 13. Qf3 Nc6 14. Rad1 f5 15. Nc5 Qe7 16. a3 Kh8 17. b4 e5 18. Qf2 b6 19. N5a4 b5 20. Bd5 Bb7 21.
Nc5 Rad8 22. Nxb7 Qxb7 23. dxe5 Bxe5 24. Ne2 Qc7 25. Nf4 Bxf4 26. exf4 h5 27. Qc2 Rd6 28. Bf3 Qb6+ 29. Kh1 Nd4 30. Qc3 Kh7 31. Qc5 Qd8 32.
Rd3 1-0

[Event "*** SCC Grand Prix: Titled Tuesday Blitz"]
[Site "Chess.com"]
[Date "2020.06.02"]
[Round "10"]
[White "Ariadna_Atreides"]
[Black "levallem"]
[Result "0-1"]
[WhiteElo "2025"]
[BlackElo "2194"]
[TimeControl "180+1"]
[EndTime "11:57:35 PDT"]
[Termination "levallem won on time"]

1. d4 c5 2. e3 cxd4 3. exd4 d5 4. c3 Nf6 5. Bd3 Nc6 6. Ne2 Bg4 7. O-O e6 8. f3 Bh5 9. Nf4 Bg6 10. Nxg6 hxg6 11. Bg5 Qc7 12. g3 Bd6 13. Qe1 O-O-O 14. Na3 a6 15. b4 Rh5 16. Bxf6 gxf6 17. f4 Rdh8 18. Rf2 g5 19. b5 gxf4 20. bxc6 fxg3 21. cxb7+ Kb8 22.
Rg2 gxh2+ 23. Kh1 Bxa3 24. Bxa6 Rg5 25. Rxg5 fxg5 26. Qe5 Qxe5 27. dxe5 Bc5 28. Rf1 Rh7 29. Rb1 g4 30. Bf1 g3 31. a4 Rh5 32. a5 Rxe5 33. a6 Bf2 34. Bg2 Re1+ 35. Rxe1 Bxe1 0-1

[Event "*** SCC Grand Prix: Titled Tuesday Blitz"]
[Site "Chess.com"]
[Date "2020.06.02"]
[Round "10"]
[White "Man-Chuk"]
[Black "KNVB"]
[Result "1-0"]
[WhiteElo "2786"]
[BlackElo "2682"]
[TimeControl "180+1"]
[EndTime "11:57:37 PDT"]
[Termination "Man-Chuk won on time"]

1. d4 e5 2. dxe5 Nc6 3. Nf3 Qe7 4. g3 Nxe5 5. Nxe5 Qxe5 6. Bg2 Bc5 7. O-O Qe7 8. Nc3 d6 9. Nd5 Qd8 10. Bg5 f6 11. Be3 Bxe3 12. Nxe3 Ne7 13. c3 O-O 14. Bxb7 Bxb7 15. Qb3+ Kh8 16. Qxb7 Rb8 17. Qxa7 Rxb2 18.
Rfe1 Nc6 19. Qa6 Qa8 20. Qxa8 Rxa8 21. a4 Kg8 22. Kf1 Kf7 23. Nd5 Rb7 24. Reb1 Rba7 25. e4 1-0

[Event "*** SCC Grand Prix: Titled Tuesday Blitz"]
[Site "Chess.com"]
[Date "2020.06.02"]
[Round "10"]
[White "j2806"]
[Black "AlanZhang"]
[Result "0-1"]
[WhiteElo "2092"]
[BlackElo "2201"]
[TimeControl "180+1"]
[EndTime "11:57:37 PDT"]
[Termination "AlanZhang won by checkmate"]

1. e4 e5 2. Nf3 Nc6 3. Bb5 a6 4. Ba4 Nf6 5. d3 b5 6. Bb3 Be7 7. O-O d6 8. c3 h6 9. Nbd2 O-O 10. h3 Na5 11. Bc2 c5 12. Re1 Qc7 13. Nf1 Nc6 14.
Be3 d5 15. exd5 Nxd5 16. Bc1 Bf5 17. Ng3 Bh7 18. d4 Bxc2 19. Qxc2 exd4 20. cxd4 c4 21. Nf5 Bf6 22. Bd2 Rfe8 23. Bc3 Ncb4 24. Qd2 Nd3 25. Rxe8+ Rxe8 26. Ne1 Bg5 27. Qc2 b4 28. Bd2 Re2 29.
Ne3 Nxe3 30. fxe3 Bxe3+ 31. Kh1 Rxd2 32. Qa4 Nf2+ 33. Kg1 Ng4+ 34. Kh1 Qh2# 0-1

[Event "*** SCC Grand Prix: Titled Tuesday Blitz"]
[Site "Chess.com"]
[Date "2020.06.02"]
[Round "10"]
[White "elegant285"]
[Black "jlandaw"]
[Result "0-1"]
[WhiteElo "2388"]
[BlackElo "2541"]
[TimeControl "180+1"]
[EndTime "11:57:38 PDT"]
[Termination "jlandaw won by resignation"]

1. d4 Nf6 2. c4 e6 3. Nf3 b6 4. a3 Bb7 5. Nc3 Ne4 6. Nxe4 Bxe4 7. g3 Be7 8. Bg2 O-O 9. O-O c5 10. d5 d6 11. Re1 e5 12. Nd2 Bg6 13. e4 a6 14. b4 Nd7 15. Bb2 Qc7 16. Rc1 Bg5 17.
h4 Bh6 18. Rc2 f6 19. Bh3 cxb4 20. axb4 a5 21. Bxd7 Qxd7 22. c5 dxc5 23. bxc5 bxc5 24. Rxc5 Rfb8 25. Qc2 Qh3 26. Rc7 Bh5 27. Rc3 Rc8 28. f3 Rxc3 29. Qxc3 Qxg3+ 30. Kf1 Bxd2 31. Qc2 0-1

[Event "*** SCC Grand Prix: Titled Tuesday Blitz"]
[Site "Chess.com"]
[Date "2020.06.02"]
[Round "10"]
[White "tsaruk_maks"]
[Black "qqwow"]
[Result "1-0"]
[WhiteElo "2591"]
[BlackElo "2354"]
[TimeControl "180+1"]
[EndTime "11:57:39 PDT"]
[Termination "tsaruk_maks won by resignation"]

1. Nf3 d5 2. c4 d4 3. g3 Nc6 4. Bg2 e5 5. d3 Nf6 6. O-O a5 7. a3 Be7 8. Nbd2 O-O 9. Qc2 h6 10. Ne4 Nd7 11. e3 f5 12. Ned2 dxe3 13. fxe3 a4 14.
b3 axb3 15. Nxb3 Nf6 16. Bb2 e4 17. Nfd4 Nxd4 18. exd4 Qe8 19. Rae1 Bxa3 20. Bxa3 Rxa3 21. dxe4 fxe4 22. Nc5 Qd8 23. d5 e3 24. Qb2 Ra8 25.
Rxe3 Qd6 26. Nxb7 Bxb7 27. Qxb7 Qc5 28. Kh1 Qxe3 29. Qxc7 Ra2 30. d6 Rxg2 31. Kxg2 Qe4+ 32. Kg1 Ra8 33. c5 Ra2 34. Qc8+ Kh7 35. Qf5+ Qxf5 36.
Rxf5 Rc2 37. Rxf6 gxf6 38. d7 Rd2 39. c6 Rd6 40. c7 Rxd7 41. c8=Q Rf7 42. Qf5+ Kg7 43.
h4 Re7 44. h5 Re5 45. Qg6+ 1-0

[Event "*** SCC Grand Prix: Titled Tuesday Blitz"]
[Site "Chess.com"]
[Date "2020.06.02"]
[Round "10"]
[White "PowerThinking2650"]
[Black "karinachess1"]
[Result "0-1"]
[WhiteElo "2291"]
[BlackElo "2507"]
[TimeControl "180+1"]
[EndTime "11:57:40 PDT"]
[Termination "karinachess1 won by resignation"]

1. e4 c5 2. Nf3 e6 3. d4 cxd4 4.
Nxd4 a6 5. Nc3 b5 6. Bd3 Qb6 7.
Nf3 Qc7 8. O-O Bb7 9. Re1 Bc5 10. e5 f5 11. Nh4 g6 12. Nf3 Ne7 13. Bg5 h6 14.
Bf6 Rg8 15. Nh4 Nbc6 16. a4 b4 17. Nb1 Qb6 18. Qe2 Nd4 19. Qf1 g5 20. Nf3 Bxf3 21. Nd2 Bd5 22. c3 Nb3 23. Nxb3 Bxb3 24. c4 Ng6 25. g3 Qc6 26. Qe2 Nf4 27. Qd2 0-1

[Event "*** SCC Grand Prix: Titled Tuesday Blitz"]
[Site "Chess.com"]
[Date "2020.06.02"]
[Round "10"]
[White "ecwinslow"]
[Black "Kopytkin"]
[Result "0-1"]
[WhiteElo "2141"]
[BlackElo "2304"]
[TimeControl "180+1"]
[EndTime "11:57:40 PDT"]
[Termination "Kopytkin won by resignation"]

1. e4 c5 2. Nf3 e6 3. d4 cxd4 4.
Nxd4 Nc6 5. Nc3 Qc7 6. Be2 a6 7. O-O Nxd4 8. Qxd4 Nf6 9. Be3 d6 10. Kh1 Be7 11. f4 O-O 12. a4 Nd7 13. Qd2 b6 14. Bf3 Bb7 15. Rad1 Rfd8 16. Bd4 Rac8 17. Rfe1 Bf6 18.
Bxf6 Nxf6 19. Qe3 Nd7 20. h3 Qc5 21. Qd2 Qc7 22. Qd4 Nf6 23. Kh2 e5 24. Qd2 Re8 25. Qxd6 Qxd6 26. Rxd6 exf4 27. e5 Bxf3 28. gxf3 Rc5 29.
Kg2 Rcxe5 30. Rxe5 Rxe5 31. Kf2 Re6 32. Rxe6 fxe6 33.
b4 g5 34. a5 bxa5 35. bxa5 Kf7 36. Na4 Nd7 37. Ke2 Kf6 38. Kd3 Ke5 39. c4 h5 40. Nb6 Nc5+ 41. Ke2 Kd4 42. Nc8 0-1

[Event "*** SCC Grand Prix: Titled Tuesday Blitz"]
[Site "Chess.com"]
[Date "2020.06.02"]
[Round "10"]
[White "Lovinski"]
[Black "gixfantastix"]
[Result "0-1"]
[WhiteElo "2359"]
[BlackElo "2124"]
[TimeControl "180+1"]
[EndTime "11:57:41 PDT"]
[Termination "gixfantastix won by resignation"]

1. Nf3 Nf6 2. g3 Nc6 3. Bg2 e5 4. c4 Bc5 5. d3 h6 6. O-O O-O 7.
Nc3 d5 8. cxd5 Nxd5 9. Nxe5 Nxc3 10. bxc3 Nxe5 11. d4 Bd6 12. dxe5 Bxe5 13. Qb3 Qf6 14. Ba3 Rd8 15. Rac1 Rb8 16. e4 Be6 17. Qb2 Bc4 18. f4 Bd6 19. Bxd6 Qxd6 20. Rfd1 Qc5+ 21. Kh1 Qe3 22.
Re1 Qd2 23. Qb4 b5 24. a4 c6 25. h3 Qf2 26. Kh2 Rd2 27. Rg1 Rbd8 28. axb5 R8d3 29. Qxc4 Qxg3+ 30. Kh1 Qxh3+ 0-1

[Event "*** SCC Grand Prix: Titled Tuesday Blitz"]
[Site "Chess.com"]
[Date "2020.06.02"]
[Round "10"]
[White "WeAintSurePal"]
[Black "ShahMatKanal"]
[Result "1-0"]
[WhiteElo "2287"]
[BlackElo "2456"]
[TimeControl "180+1"]
[EndTime "11:57:42 PDT"]
[Termination "WeAintSurePal won on time"]

1. d4 Nf6 2. c4 c5 3. d5 b5 4. Nd2 e6 5. e4 d6 6. Ngf3 bxc4 7. Bxc4 e5 8. Bb5+ Nbd7 9. O-O Be7 10. h3 O-O 11. Bxd7 Bxd7 12. Qc2 Qc8 13. b3 Nh5 14. Nc4 f5 15. Bg5 Nf6 16. Bxf6 Rxf6 17. Ng5 f4 18. f3 Qe8 19. Rad1 Qh5 20. Ne6 Rg6 21. Kh2 Rg3 22.
Rf2 Rf8 23. Nd2 Rf6 24. Nf1 Rfg6 25. Re2 R3g5 26. b4 Rh6 27. bxc5 Rxg2+ 28. Rxg2 Qxh3+ 29. Kg1 Qh1+ 30. Kf2 Bh4+ 31. Ke2 Qxg2+ 32. Kd3 Bb5+ 33. Kc3 Qg6 34. c6 Qe8 35. Kb2 Rxe6 36. c7 1-0

[Event "*** SCC Grand Prix: Titled Tuesday Blitz"]
[Site "Chess.com"]
[Date "2020.06.02"]
[Round "10"]
[White "queen_iryna"]
[Black "talaicito"]
[Result "1-0"]
[WhiteElo "2261"]
[BlackElo "2123"]
[TimeControl "180+1"]
[EndTime "11:57:42 PDT"]
[Termination "queen_iryna won by checkmate"]

1. d4 e6 2. e4 d5 3. Nc3 Bb4 4. e5 Ne7 5. Qg4 Nf5 6. Nf3 Be7 7. Bd3 O-O 8. O-O c5 9. Bxf5 exf5 10. Qh3 Nc6 11.
Qg3 Re8 12. Bh6 g6 13. dxc5 Bxc5 14. Rad1 d4 15. Ne2 Be6 16. c3 d3 17. Nf4 Bxa2 18.
Nxd3 Be7 19. Nb4 Qa5 20. Nxc6 bxc6 21. Nd4 Bd5 22. Nxf5 Bf8 23. Bxf8 Rxf8 24. Qg5 Rfe8 25. Nh6+ Kg7 26. Rd3 Be6 27. Rf3 Rad8 28. Nxf7 Rd2 29. Qf6+ Kf8 30. Nd6+ Kg8 31. Nxe8 Qc5 32. Qg7# 1-0

[Event "*** SCC Grand Prix: Titled Tuesday Blitz"]
[Site "Chess.com"]
[Date "2020.06.02"]
[Round "10"]
[White "LedakovAlexandr"]
[Black "joksijoksi"]
[Result "1-0"]
[WhiteElo "2484"]
[BlackElo "2337"]
[TimeControl "180+1"]
[EndTime "11:57:44 PDT"]
[Termination "LedakovAlexandr won by resignation"]

1. d4 e6 2. Nf3 d5 3. c4 c6 4. Nc3 dxc4 5. a4 Bb4 6. e3 b5 7. Bd2 a5 8. axb5 Bxc3 9. Bxc3 cxb5 10. b3 Bb7 11. bxc4 b4 12. Bb2 Nf6 13. Bd3 O-O 14. O-O Nbd7 15. Nd2 Qc7 16. f3 e5 17. Bc2 Rfd8 18.
Qe1 exd4 19. exd4 Nb6 20. d5 Nbxd5 21. cxd5 Qxc2 22. Bxf6 gxf6 23. Ne4 Bxd5 24. Nxf6+ Kg7 25. Qe5 Kf8 26. Rac1 Qd3 27. Rfd1 Qg6 28. Nxd5 Re8 29. Qh8+ Qg8 30. Qxg8+ Kxg8 31. Nf6+ Kg7 32. Nxe8+ Rxe8 33. Ra1 Ra8 34. Rdb1 1-0

[Event "*** SCC Grand Prix: Titled Tuesday Blitz"]
[Site "Chess.com"]
[Date "2020.06.02"]
[Round "10"]
[White "medalja"]
[Black "Vandros57"]
[Result "1-0"]
[WhiteElo "2416"]
[BlackElo "2254"]
[TimeControl "180+1"]
[EndTime "11:57:44 PDT"]
[Termination "medalja won by checkmate"]

1. d4 d5 2. c4 e6 3. Nf3 Nf6 4. g3 Bb4+ 5. Bd2 Be7 6. Bg2 O-O 7. O-O c5 8. cxd5 exd5 9. Nc3 Nc6 10. Bf4 a6 11. Rc1 c4 12. b3 b5 13. bxc4 bxc4 14.
Ne5 Nxe5 15. dxe5 Ne4 16. Nxd5 Bf5 17. g4 Bg6 18. Qd4 Bc5 19. Qxc4 Rc8 20. Qb3 Qh4 21. Bg3 Qxg4 22. e3 Nd2 23. Qb7 Nxf1 24. Rxf1 Qe2 25. Nf4 Qxa2 26. Nxg6 hxg6 27. Bh3 Rb8 28.
Qc6 Be7 29. e6 f5 30. Bxb8 Rxb8 31. Qc7 Re8 32. Qd7 Kf8 33. Rc1 Qe2 34. Bg2 Qb5 35. Bc6 Qb2 36. Qxe8# 1-0

[Event "*** SCC Grand Prix: Titled Tuesday Blitz"]
[Site "Chess.com"]
[Date "2020.06.02"]
[Round "10"]
[White "Giraffe_Chess"]
[Black "Bastiandash"]
[Result "1-0"]
[WhiteElo "2382"]
[BlackElo "2136"]
[TimeControl "180+1"]
[EndTime "11:57:44 PDT"]
[Termination "Giraffe_Chess won on time"]

1. d4 Nf6 2. c4 e6 3. Nf3 Bb4+ 4. Nc3 b6 5. g3 Bb7 6. Bg2 O-O 7. O-O Bxc3 8.
bxc3 Ne4 9. Qc2 f5 10. Nd2 Nxd2 11. Bxb7 Nxf1 12. Bxa8 c6 13. Kxf1 Qc7 14. Qa4 a5 15. Bf4 Qa7 16. Bxb8 Qxb8 17. Bxc6 dxc6 18. Qxc6 f4 19. Qxe6+ Kh8 20. Kg2 Re8 21. Qg4 Qc7 22. Rb1 fxg3 23. hxg3 Qxc4 24. Rxb6 Qxc3 25. Re6 Rf8 26.
Re7 Qc6+ 27. f3 Qf6 28. Qe4 h6 29. Re8 Rxe8 30. Qxe8+ Kh7 31. Qe4+ Kg8 32. Qe5 Qb6 33. d5 Qb5 34. Qe6+ Kh7 35. d6 Qb1 36. Qe4+ 1-0

[Event "*** SCC Grand Prix: Titled Tuesday Blitz"]
[Site "Chess.com"]
[Date "2020.06.02"]
[Round "10"]
[White "davekoenig"]
[Black "Siniauski"]
[Result "0-1"]
[WhiteElo "2190"]
[BlackElo "2504"]
[TimeControl "180+1"]
[EndTime "11:57:45 PDT"]
[Termination "Siniauski won by resignation"]

1. e4 e6 2. d4 d5 3. e5 c5 4.
c3 Qb6 5. Nf3 Bd7 6. Be2 Bb5 7. c4 Bxc4 8. Bxc4 dxc4 9. d5 Ne7 10.
d6 Ng6 11. Nbd2 Nd7 12. Qe2 Qb4 13. a3 Qa5 14. Qe4 c3 15. bxc3 Qxc3 16. Rb1 Ngxe5 17. Nxe5 Qxe5 18. Rxb7 Bxd6 19. f4 Qxe4+ 20. Nxe4 Be7 21. O-O Nf6 22. Ng5 h6 23. Nf3 Nd5 24. Ne5 O-O 25.
f5 Bf6 26. Nd7 Bd4+ 27. Kh1 Rfd8 28. fxe6 fxe6 29. Re1 Nf6 30. Ne5 Bxe5 0-1

[Event "*** SCC Grand Prix: Titled Tuesday Blitz"]
[Site "Chess.com"]
[Date "2020.06.02"]
[Round "10"]
[White "vinniethepooh"]
[Black "bazar-wokzal"]
[Result "1-0"]
[WhiteElo "2580"]
[BlackElo "2407"]
[TimeControl "180+1"]
[EndTime "11:57:46 PDT"]
[Termination "vinniethepooh won by resignation"]

1. d4 Nf6 2. c4 Nc6 3. Nc3 e5 4. d5 Ne7 5. e3 Ng6 6. Bd3 Bc5 7.
Nge2 a5 8. O-O d6 9. Qc2 O-O 10. Bf5 c6 11. Bxc8 Rxc8 12. Rd1 cxd5 13. Nxd5 Nxd5 14.
Rxd5 b5 15. b3 bxc4 16. bxc4 Qh4 17. Bb2 f5 18. Rf1 f4 19. exf4 Nxf4 20. Nxf4 Rxf4 21.
h3 Rcf8 22. Rxc5 dxc5 23. Bxe5 Rxc4 24. Qb3 Kh8 25. Qb7 Qg5 26. f4 Qh6 27. Rf3 Rg8 28. Rg3 Rxf4 29. Rxg7 Rf6 30. Rxh7+ Qxh7 31. Bxf6+ Rg7 32.
Qxg7+ Qxg7 33. Bxg7+ Kxg7 34. Kf2 Kf6 35. Ke3 Ke5 36.
Kd3 1-0

[Event "*** SCC Grand Prix: Titled Tuesday Blitz"]
[Site "Chess.com"]
[Date "2020.06.02"]
[Round "10"]
[White "MightyGMpretender"]
[Black "RobPeresian"]
[Result "1-0"]
[WhiteElo "2569"]
[BlackElo "2377"]
[TimeControl "180+1"]
[EndTime "11:57:46 PDT"]
[Termination "MightyGMpretender won by resignation"]

1. e4 e5 2. Nc3 Nf6 3. Bc4 Bc5 4. d3 Nc6 5. f4 d6 6. Nf3 a6 7. Qe2 Bg4 8. Be3 Nd4 9. Qf2 Bxf3 10. gxf3 Nxc2+ 11. Qxc2 Bxe3 12. f5 c6 13. Bb3 Nh5 14. Qe2 Qh4+ 15. Kd1 Bd4 16. Kc2 Nf4 17. Qd2 b5 18. a4 O-O 19. Ne2 Nxe2 20. Qxe2 Rab8 21. axb5 axb5 22. Ra6 Rfc8 23. Rha1 c5 24. Bd5 c4 25. dxc4 bxc4 26. R1a2 c3 27. b3 Qg5 28. Rxd6 Qg1 29. Rd7 Be3 30. Bxf7+ Kh8 31. Rd1 Qg5 32. Be6 Rc7 33.
Rd5 Bd2 34. Qb5 Rcb7 35. Qxb7 1-0

[Event "*** SCC Grand Prix: Titled Tuesday Blitz"]
[Site "Chess.com"]
[Date "2020.06.02"]
[Round "10"]
[White "Everyfishknows"]
[Black "woodhy"]
[Result "0-1"]
[WhiteElo "2324"]
[BlackElo "2453"]
[TimeControl "180+1"]
[EndTime "11:57:48 PDT"]
[Termination "woodhy won by resignation"]

1. Nf3 e6 2. c4 b6 3. g3 Bb7 4. Bg2 Nf6 5. O-O d5 6. b3 Be7 7. Bb2 dxc4 8. bxc4 O-O 9. d4 c5 10. e3 cxd4 11. exd4 Nc6 12. Ne5 Rc8 13. Nc3 Na5 14.
Bxb7 Nxb7 15. Qf3 Na5 16. Nb5 Nxc4 17. Nxc4 Rxc4 18. Rac1 Rb4 19. Qe2 Qd7 20. Ba3 Ra4 21.
Bxe7 Qxe7 22. Rc7 Qd8 23. Rxa7 Rxa7 24. Nxa7 Qxd4 25. Nb5 Qa4 26. Rb1 Nd5 27. Qd2 h6 28. Nd4 Rc8 29. Nf3 Rc2 30. Qd3 Qxa2 31. Rf1 Qc4 32. Qd1 Qe2 33. Qxe2 Rxe2 34. Nd4 Rb2 35. Rc1 g5 36. Rc8+ Kg7 37. Rb8 Kf6 38. Kg2 g4 39.
Nc6 b5 40. Rb7 b4 41. Kf1 b3 42. Nd8 Rb1+ 43. Ke2 b2 44. Rxf7+ Ke5 45. Rb7 Nc3+ 46. Kd3 Rd1+ 47. Kxc3 b1=Q 48. Rxb1 Rxb1 49. Kd3 Rd1+ 0-1

[Event "*** SCC Grand Prix: Titled Tuesday Blitz"]
[Site "Chess.com"]
[Date "2020.06.02"]
[Round "10"]
[White "chargemax23"]
[Black "hellokostya"]
[Result "1/2-1/2"]
[WhiteElo "2587"]
[BlackElo "2450"]
[TimeControl "180+1"]
[EndTime "11:57:49 PDT"]
[Termination "Game drawn by repetition"]

1. c4 g6 2. Nc3 Bg7 3. g3 c5 4.
Bg2 Nc6 5. Nf3 d6 6. O-O e6 7.
e3 Nge7 8. d4 O-O 9. b3 e5 10.
dxc5 dxc5 11. Bb2 e4 12. Ng5 f5 13. h4 Ne5 14. Na4 b6 15. Qc2 N7c6 16. Rad1 Qe7 17. Nc3 Nb4 18. Qb1 Ned3 19. Ba1 h6 20. Ngxe4 fxe4 21. Bxe4 Ne5 22. Bxa8 Bh3 23. Bg2 Bg4 24. Nd5 Nxd5 25.
Rxd5 Nf3+ 26. Kh1 Qe6 27. Bxg7 Kxg7 28. Qd3 Bh3 29. Rd6 Bxg2+ 30. Kxg2 Nxh4+ 31. Kg1 Nf3+ 32. Kg2 Nh4+ 33. Kh2 Nf3+ 34. Kg2 Nh4+ 1/2-1/2

[Event "*** SCC Grand Prix: Titled Tuesday Blitz"]
[Site "Chess.com"]
[Date "2020.06.02"]
[Round "10"]
[White "mortngabriel"]
[Black "floplover"]
[Result "0-1"]
[WhiteElo "2446"]
[BlackElo "2239"]
[TimeControl "180+1"]
[EndTime "11:57:49 PDT"]
[Termination "floplover won by resignation"]

1. Nf3 d5 2. e3 e6 3. c4 Nf6 4.
Nc3 Be7 5. Qc2 O-O 6. b3 c5 7. cxd5 exd5 8. d4 Nc6 9. Be2 Bg4 10. dxc5 Bxc5 11. O-O Rc8 12. Bb2 Qe7 13. Rfd1 Rcd8 14. Na4 Bd6 15. Nd4 Qe5 16. g3 Nxd4 17. Bxd4 Qh5 18.
Bxg4 Nxg4 19. h4 Rfe8 20. Kg2 Qh6 21. Rac1 Qe6 22. Qd3 b6 23. Rc2 Nh6 24. Rdc1 Nf5 25. Bb2 Qg6 26. Kf1 Nxg3+ 0-1

[Event "*** SCC Grand Prix: Titled Tuesday Blitz"]
[Site "Chess.com"]
[Date "2020.06.02"]
[Round "10"]
[White "Piotrek1979"]
[Black "politeplayer"]
[Result "1-0"]
[WhiteElo "2419"]
[BlackElo "2259"]
[TimeControl "180+1"]
[EndTime "11:57:50 PDT"]
[Termination "Piotrek1979 won by resignation"]

1. Nf3 Nf6 2. g3 d5 3. Bg2 c5 4. O-O Nc6 5. d3 e6 6. Nbd2 Be7 7. e4 b6 8. Re1 Bb7 9. e5 Nd7 10. Nf1 h6 11. h4 Qc7 12. c4 d4 13. a3 O-O-O 14.
b4 cxb4 15. axb4 Bxb4 16. Bd2 Bc5 17. h5 Kb8 18. Bf4 Bb4 19. Re2 Bc3 20. Rb1 g5 21. hxg6 fxg6 22. Bc1 Bb4 23. N1d2 Bxd2 24. Bxd2 Ncxe5 25. Nxe5 Nxe5 26. Rxe5 Bxg2 27. Kxg2 Qc6+ 28. Qf3 Qxf3+ 29.
Kxf3 Rhf8+ 30. Kg2 Rf6 31. Bxh6 Rd7 32. Bg5 Rf5 33. Rbe1 Rxe5 34. Rxe5 a5 35. Rxe6 Kb7 36. Rxg6 a4 37. Bc1 Re7 38. Kf1 Ka6 39. Ba3 Re5 40.
Rh6 Ka5 41. Rd6 b5 42. cxb5 Rxb5 43. Rxd4 Rb3 44. Bd6 Kb5 45. g4 a3 46. Bxa3 Rxa3 47. g5 Kc5 48. Rg4 Rxd3 49. g6 Rd8 50. g7 Rg8 51.
Kg2 Kd5 52. Kh3 Ke5 53. Kh4 Kf6 54. Kh5 Rxg7 55. Rxg7 Kxg7 56. Kg5 Kf7 57. Kf5 Ke7 58. Kg6 Kf8 59. Kf6 Ke8 60. f4 Kf8 61. f5 Kg8 62. Ke7 Kg7 63. f6+ 1-0